General information
- name: pdecho
- type: Custom game
- host: Zith)
- saver: Zith)
map: EchoIsles
- players: 2
- length: 11:36
- speed: Fast
- version: 1.24 W3XP
- replay type: Public
» download(50 KB)
Players
team 1 (winner)
Zith) (
red | 163 APM | 1897 actions | 11:36)
3 Demon Hunter
2 Mana Burn
1 Evasion
2 Beastmaster
1 Summon Quilbeast
1 Summon Hawk
1 Firelord
1 Summon Lava Spawn
» actions
| Assign group hotkey | 30 | |
| Basic commands | 17 | |
| Build / train | 41 | |
| Enter build submenu | 9 | |
| Enter hero's abilities submenu | 6 | |
| Give item / drop item | 6 | |
| Remove unit from queue | 1 | |
| Right click | 984 | |
| Select / deselect | 309 | |
| Select group hotkey | 446 | |
| Use ability | 48 | |
1897 total
» units
| Wisp | 10 | |
| Archer | 2 | |
| Druid of the Talon | 6 | |
18 total
» upgrades
| Druid of the Talon Training | 2 | |
2 total
» buildings
| Altar of Elders | 1 | |
| Moon Well | 4 | |
| Ancient of War | 1 | |
| Tree of Ages | 1 | |
| Ancient of Wonders | 1 | |
| Ancient of Wind | 2 | |
| Tree of Eternity | 1 | |
11 total
» build order
00:05 Altar of Elders
00:16 Moon Well
00:21 Ancient of War
01:55 Moon Well
02:27 Moon Well
03:02 Tree of Ages
03:45 Ancient of Wonders
04:41 Moon Well
05:37 Ancient of Wind
05:39 Ancient of Wind
05:42 Tree of Eternity
» items
| Circlet of Nobility | 1 | |
| Boots of Speed | 4 | |
| Staff of Preservation | 1 | |
| Moonstone | 2 | |
| Orb of Venom | 1 | |
9 total
team 2 (loser)

»
PoWeR(DooM) (
blue | 160 APM | 1850 actions | 11:35)
3 Blademaster
2 Wind Walk
1 Critical Strike
1 Shadow Hunter
1 Hex
» actions
| Assign group hotkey | 42 | |
| Build / train | 41 | |
| Enter build submenu | 12 | |
| Enter hero's abilities submenu | 4 | |
| Give item / drop item | 1 | |
| Remove unit from queue | 2 | |
| Right click | 823 | |
| Select / deselect | 144 | |
| Select group hotkey | 734 | |
| Use ability | 47 | |
1850 total
» units
| Peon | 9 | |
| Grunt | 6 | |
| Wind Rider | 1 | |
| Troll Headhunter/Berserker | 3 | |
| Spirit Walker | 2 | |
| Raider | 2 | |
23 total
» upgrades
| Ensnare | 1 | |
| Spirit Walker Training | 1 | |
2 total
» buildings
| Altar of Storms | 1 | |
| Orc Burrow | 4 | |
| Barracks | 1 | |
| Voodoo Lounge | 1 | |
| Stronghold | 1 | |
| War Mill | 1 | |
| Beastiary | 2 | |
| Spirit Lodge | 1 | |
12 total
» build order
00:05 Altar of Storms
00:19 Orc Burrow
00:48 Barracks
01:24 Orc Burrow
01:38 Voodoo Lounge
02:45 Stronghold
03:17 Orc Burrow
04:33 War Mill
05:42 Beastiary
06:52 Beastiary
07:14 Spirit Lodge
07:57 Orc Burrow
» items
| Lesser Clarity Potion | 3 | |
| Healing Salve | 4 | |
| Boots of Speed | 1 | |
| Scroll of Speed | 1 | |
9 total
Chat log
(00:34 / All) Zith): wjhere are the militia
(01:02 / All) PoWeR(DooM): ur kind of lucky
(05:59 / All) PoWeR(DooM): löoa
(07:01 / All) PoWeR(DooM): lost buuilding for delay
(07:05 / All) Zith): kk
(09:59 / All) PoWeR(DooM): rly bad unit control
(10:01 / All) PoWeR(DooM): omg loo